 Dungeon Crawl Stone Soup version 0.24-a0-250-g6074511 (webtiles) character file.

Game seed: 18024733819324905950

1484 Borgoz the Cutter (level 9, -3/55 HPs)
             Began as a Kobold Fighter on Apr 14, 2019.
             Was an Initiate of Ashenzari.
             Slain by an orc warrior
             ... wielding a +0 long sword
              (18 damage)
             ... on level 6 of the Dungeon.
             The game lasted 00:10:06 (5627 turns).

Borgoz the Cutter (Kobold Fighter)                  Turns: 5627, Time: 00:10:07

Health: -3/55      AC: 13    Str: 18    XL:     9   Next: 7%
Magic:  19/19      EV: 15    Int: 15    God:    Ashenzari [......]
Gold:   270        SH:  0    Dex: 15    Spells: 8/8 levels left

rFire    . . .     SeeInvis .   A - +8 long sword of Recklessness {slice, +Rage MP+9 Stlth+}
rCold    . . .     Gourm    .   (shield restricted)
rNeg     . . .     Faith    .   b - +0 scale mail
rPois    .         Spirit   .   q - +0 helmet "Doxt" {rElec Int+8} (curse)
rElec    +         Reflect  .   o - +0 cloak
rCorr    .         Harm     .   (no gloves)
MR       .....                  B - +2 pair of boots
Stlth    +++.......             (no amulet)
HPRegen  0.18/turn              e - +3 ring of strength
MPRegen  0.16/turn              h - -3 ring of intelligence (curse)

@: no status effects
A: small, carnivore
a: Curse Item, Renounce Religion, Evoke Berserk Rage


You were on level 6 of the Dungeon.
You worshipped Ashenzari.
Ashenzari was noncommittal.
You were completely stuffed.

You visited 1 branch of the dungeon, and saw 6 of its levels.

You collected 270 gold pieces.

Inventory:

Hand Weapons
 a - a +0 rapier
 A - the +8 long sword of Recklessness (weapon) {slice, +Rage MP+9 Stlth+}
   (You found it on level 5 of the Dungeon)

   It inflicts extra damage upon your enemies.
   It affects your magic capacity (+9).
   It lets you go berserk.
   It makes you more stealthy.
Armour
 b - a +0 scale mail (worn)
 o - a +0 cloak (worn)
 q - the cursed +0 helmet "Doxt" (worn) {rElec Int+8}
   (You took it off Robin on level 2 of the Dungeon)

   It affects your intelligence (+8).
   It insulates you from electricity.
   It has a curse placed upon it.
 y - a +1 chain mail of fire resistance
 B - a +2 pair of boots (worn)
Jewellery
 e - a +3 ring of strength (left hand)
 h - a cursed -3 ring of intelligence (right hand)
 k - an uncursed ring of protection from fire
 x - an uncursed ring of flight
Scrolls
 c - a scroll of magic mapping {unknown}
 i - a scroll of enchant armour {unknown}
 j - 3 scrolls of random uselessness {unknown}
 m - 2 scrolls of identify
 n - a scroll of fear
 u - 3 scrolls of remove curse
 v - 2 scrolls of amnesia {unknown}
 w - 3 scrolls of teleportation {unknown}
 E - a scroll of blinking
Potions
 d - a potion of might
 g - a potion of brilliance
 l - a potion of haste
 p - 2 potions of lignification
 t - a potion of magic
 z - a potion of flight
 C - a potion of mutation
Comestibles
 f - 9 rations
 r - 13 chunks of flesh


   Skills:
 + Level 5.6 Fighting
 + Level 6.1 Short Blades
 * Level 5.7 Armour
 + Level 4.9 Dodging
 - Level 5.0 Stealth
   Level 2.4 Shields
 + Level 2.4 Evocations


You had 8 spell levels left.
You didn't know any spells.
Your spell library contained the following spells:

 Spells                   Type           Power        Failure   Level  Hunger
 Magic Dart               Conj           #...         61%         1    ##.....
 Blink                    Tloc           N/A          75%         2    ###....
 Call Imp                 Summ           #.......     75%         2    ###....
 Slow                     Hex            #.......     75%         2    ###....
 Conjure Flame            Conj/Fire      #.......     93%         3    ####...
 Mephitic Cloud           Conj/Pois/Air  #.......     93%         3    ####...


Dungeon Overview and Level Annotations

Branches:
Dungeon (6/15)
 Temple: D:4-7

Altars:
Ashenzari
Fedhas
Hepliaklqana
Kikubaaqudgha
Nemelex Xobeh
Okawaru
Qazlal
Xom
Yredelemnul
Zin

Shops:
D:5 !


Innate Abilities, Weirdness & Mutations

You are small and have problems with some larger weapons.
You are carnivorous and can eat meat at any time.


Message History

The orc warrior is lightly wounded.
A howler monkey comes into view.
The orc priest closely misses you.
You riposte.
You barely miss the orc priest.
The orc warrior hits you but does no damage.
You slash the orc priest!
The orc priest is almost dead.
The orc priest calls down the wrath of Beogh upon you.
Beogh smites you!
* * * LOW HITPOINT WARNING * * *
The orc warrior barely misses you.
You barely miss the orc priest.
The orc priest is almost dead.
The orc priest calls down the wrath of Beogh upon you.
You struggle to resist.
The orc warrior closely misses you.
Unknown command.
You feel better.
The orc priest calls upon Beogh to heal the orc warrior.
The orc warrior's wounds heal themselves!
The orc warrior hits you with a +0 long sword!!
You die...

#### #### ##### #...
##...##...## #...
#..........## ###...
............# #.....
(.....!.....## #.#...
......o......# ###.#...
#....ho@...#.####...#...
##....#...##.|.)..###...
#### #########......##.
##.###.##. #..###..#.
##...[..... ##...>......
#..#........
#...(.......


You could see an orc warrior, a howler monkey and an orc priest.

Vanquished Creatures
  A sky beast (D:5)
  A black bear (D:6)
  An ogre (D:4)
  2 centaurs
  2 bullfrogs (D:6)
  4 wights (D:6)
  A howler monkey (D:4)
  A crimson imp (D:5)
  A centaur zombie (D:5)
  A jelly (D:5)
  4 orc wizards
  An orc priest (D:6)
  A hound (D:5)
  Natasha (thrice) (D:4)
  6 worker ants
  A worker ant zombie (D:5)
  Robin (D:2)
  7 adders
  2 oozes (D:2)
  An adder zombie (D:6)
  3 adder skeletons (D:4)
  5 worms
  2 dart slugs
  3 leopard geckos
  18 orcs
  7 bats
  2 giant cockroaches
  11 goblins
  8 hobgoblins
  13 jackals
  6 kobolds
  6 quokkas
  A ball python (D:2)
  4 frilled lizards
  A quokka zombie (D:6)
  6 rats
138 creatures vanquished.

Notes
Turn   | Place    | Note
-------+----------+-------------------------------------------
     0 | D:1      | Borgoz the Kobold Fighter began the quest for the Orb.
     0 | D:1      | Reached XP level 1. HP: 14/14 MP: 1/1
   245 | D:1      | Reached XP level 2. HP: 15/19 MP: 2/2
   490 | D:1      | Reached skill level 3 in Short Blades
   491 | D:1      | Reached skill level 1 in Stealth
   852 | D:1      | Reached XP level 3. HP: 23/23 MP: 3/3
  1005 | D:2      | Found a faded altar of an unknown god.
  1014 | D:2      | Reached skill level 1 in Dodging
  1018 | D:2      | Identified the +0 helmet "Doxt" {rElec Int+8}
  1018 | D:2      | Noticed Robin
  1351 | D:2      | Killed Robin
  1351 | D:2      | Reached XP level 4. HP: 20/29 MP: 4/4
  1362 | D:2      | You fall through a shaft for 2 floors!
  1909 | D:2      | Reached XP level 5. HP: 26/33 MP: 5/5
  2671 | D:2      | Found a hazy altar of Hepliaklqana.
  3451 | D:3      | Reached XP level 6. HP: 34/38 MP: 6/6
  3472 | D:3      | Reached skill level 4 in Short Blades
  3574 | D:4      | Noticed an ogre
  3587 | D:4      | Killed an ogre
  3962 | D:4      | Reached XP level 7. HP: 12/44 MP: 7/7
  4278 | D:4      | Noticed Natasha
  4289 | D:4      | Killed Natasha
  4312 | D:4      | Noticed Natasha
  4317 | D:4      | Killed Natasha
  4366 | D:4      | Noticed Natasha
  4409 | D:4      | Killed Natasha
  4588 | D:4      | Found a blossoming altar of Fedhas.
  4591 | D:4      | Found a stormy altar of Qazlal.
  4591 | D:4      | Found a sparkling altar of Nemelex Xobeh.
  4593 | D:4      | Found a basalt altar of Yredelemnul.
  4593 | D:4      | Found a glowing silver altar of Zin.
  4609 | D:4      | Found an iron altar of Okawaru.
  4609 | D:4      | Found a shimmering altar of Xom.
  4610 | D:4      | Found an ancient bone altar of Kikubaaqudgha.
  4668 | D:5      | Entered Level 5 of the Dungeon
  4751 | D:5      | Reached skill level 5 in Short Blades
  4751 | D:5      | Reached XP level 8. HP: 15/48 MP: 8/8
  5061 | D:5      | Found Paecimn's Distillery.
  5076 | D:5      | Got a brightly glowing long sword
  5078 | D:5      | Identified the +8 long sword of Recklessness {slice, +Rage
                  | MP+9 Stlth+} (You found it on level 5 of the Dungeon)
  5121 | D:5      | Reached skill level 5 in Fighting
  5172 | D:5      | Reached skill level 5 in Armour
  5299 | D:5      | Found a shattered altar of Ashenzari.
  5302 | D:5      | Reached skill level 5 in Stealth
  5306 | D:5      | Became a worshipper of Ashenzari the Shackled
  5457 | D:6      | Reached skill level 1 in Evocations
  5613 | D:6      | Reached skill level 6 in Short Blades
  5613 | D:6      | Reached XP level 9. HP: 39/54 MP: 10/10
  5627 | D:6      | Slain by an orc warrior

Levels and vault maps discovered:
D:1:      lightli_arrival_statue_moat, layout_basic, minmay_misc_feat_x,
          minmay_heptomino_d4
D:2:      layout_basic, lemuel_round_altar, chequers_ecumenical_altar_island,
          uniq_robin
D:3:      layout_basic
D:4:      layout_gridville, grunt_temple_overflow_open, minmay_door_square,
          uniq_natasha
D:5:      layout_rooms, lemuel_doored_altar, first_ration, serial_shops,
          nicolae_shop_temple_entry_statues_fountains
D:6:      layout_rooms, tso_metal_star, bloody_trog

Skill      XL: |  1  2  3  4  5  6  7  8 |
---------------+-------------------------+-----
Short Blades   | 3 4 5 6 |  6.1
Stealth        | 1 2 3 4 5 |  5.0
Dodging        | 1 2 3 4 |  4.9
Armour         | 3 4 5 |  5.7
Fighting       | 4 5 |  5.6
Evocations     | 2 |  2.4
Shields        | |  2.4

Action                   |  1- 3 |  4- 6 |  7- 9 || total
-------------------------+-------+-------+-------++-------
Melee: Rapier            |    76 |   276 |   117 ||   469
       Long sword        |       |       |    64 ||    64
Invok: Curse Item        |       |       |     1 ||     1
  Use: Scroll            |     1 |       |     9 ||    10
       Potion            |       |       |     5 ||     5
 Stab: Sleeping          |       |       |     3 ||     3
  Eat: Chunk             |    10 |     8 |     6 ||    24
Armor: Scale mail        |    41 |   125 |    67 ||   233
       Skin              |       |       |     9 ||     9
Dodge: Dodged            |    77 |   213 |   134 ||   424
       Rpst.: Long sword |       |       |    15 ||    15

Table legend:
 A = Non-vault XP
 B = Vault XP
 C = Vault XP percentage of total XP
 D = Non-vault monster count
 E = Vault monster count
 F = Vault count percentage of total count
                 A         B        C        D         E       F
            +---------+---------+-------+---------+---------+-------
      Total |    2046 |      75 |   3.5 |     124 |      14 |  10.1
            +---------+---------+-------+---------+---------+-------
        D:1 |      22 |      17 |  43.6 |      11 |       9 |  45.0
        D:2 |      96 |      21 |  17.9 |      30 |       4 |  11.8
        D:3 |     150 |       0 |   0.0 |      26 |       0 |   0.0
        D:4 |     384 |      37 |   8.8 |      22 |       1 |   4.3
        D:5 |     579 |       0 |   0.0 |      16 |       0 |   0.0
        D:6 |     815 |       0 |   0.0 |      19 |       0 |   0.0
            +---------+---------+-------+---------+---------+-------
